 Dungeon Crawl Stone Soup version 0.17-a0-119-g2b06fc5 (webtiles) character file.

119 aronpayne the Skirmisher (level 5, -2/47 HPs)
             Began as a Hill Orc Fighter on Mar 20, 2015.
             Was an Initiate of Okawaru.
             Killed by Freeze
             ... invoked by xeno23's ghost
              (10 damage)
             ... on level 3 of the Dungeon.
             The game lasted 00:07:42 (1853 turns).

aronpayne the Skirmisher (Hill Orc Fighter)         Turns: 1853, Time: 00:07:42

Health: -2/47      AC:  6    Str: 20    XL:     5   Next: 3%
Magic:  5/5        EV:  9    Int:  8    God:    Okawaru [......]
Gold:   70         SH:  9    Dex: 10    Spells: 0 memorised, 4 levels left

rFire  + . .     SeeInvis .     a - +0 flail
rCold  . . .     Clarity  .     q - +3 leather armour
rNeg   . . .     SustAb   .     c - +0 shield
rPois  .         Gourm    .     (no helmet)
rElec  .         Spirit   .     (no cloak)
rCorr  .         Warding  .     (no gloves)
rMut   .         Stasis   .     (no boots)
MR     .....                    (no amulet)
Stlth  +.........               (no ring)
                                o - ring of protection from fire

@: not resistant to hostile enchantments, very unstealthy
A: no striking features
a: Renounce Religion


You were on level 3 of the Dungeon.
You worshipped Okawaru.
Okawaru was noncommittal.
You were not hungry.

You visited 1 branch of the dungeon, and saw 3 of its levels.

You collected 70 gold pieces.

Inventory:

Hand weapons
 a - a +0 flail (weapon)
Armour
 b - a +0 scale mail
 c - a +0 shield (worn)
 q - a +3 leather armour (worn)
Jewellery
 o - a ring of protection from fire (left hand)
Scrolls
 g - 3 scrolls of immolation {unknown}
 i - a scroll of enchant weapon {unknown}
 j - a scroll of blinking {unknown}
 m - 5 scrolls of identify {unknown}
 r - a scroll of remove curse {unknown}
 s - a scroll of enchant armour {unknown}
 u - a scroll of noise {unknown}
Potions
 e - a potion of might
 f - a potion of curing {unknown}
 h - 2 potions of heal wounds {unknown}
 k - a potion of restore abilities {unknown}
 l - a potion of cancellation {unknown}
 n - a potion of magic {unknown}
Comestibles
 d - 3 meat rations
 p - a royal jelly


   Skills:
 + Level 4.7 Fighting
 + Level 3.2 Maces & Flails
 + Level 3.7 Armour
 + Level 0.8 Dodging
 + Level 4.1 Shields


You had 4 spell levels left.
You didn't know any spells.

Dungeon Overview and Level Annotations

Branches:
Dungeon (3/15)

Altars:
Okawaru

Annotations:
D:3 xeno23's ghost, average MfIE


Message History

Xeno23's ghost casts a spell at you. The puff of frost hits you!
* * * LOW HITPOINT WARNING * * *
You hit xeno23's ghost but do no damage.
Xeno23's ghost is severely damaged.
Xeno23's ghost barely misses you.
You hit xeno23's ghost but do no damage.
Xeno23's ghost is severely damaged.
Xeno23's ghost casts a spell at you. You block the puff of frost.
You closely miss xeno23's ghost.
Xeno23's ghost is severely damaged.
Xeno23's ghost hits you.
* * * LOW HITPOINT WARNING * * *
x2 You block xeno23's ghost's attack.
You barely miss xeno23's ghost.
Xeno23's ghost is severely damaged.
Xeno23's ghost points at you and mumbles some strange words.
You are frozen.
You die...

#.......#....#...#...
#.#.#...#............
#.#.#...#......_.....
###+#.....#...........#
#.........#....#...#..#
#########.........#....##.##..#
#.......#.........#............
#.......'.....W...#............
#.......#.....@...#............
#.......##.......##............
#.(.....##.###.#>....##.#+####.
#.......##.# #.#####.# . #.
#.......##.# #.#...#.# #.
#####.######.# #.#.#.#.# #.
......# #.# #.#<#.#.# #.
####### #.# #.###.#.# #. #.#
#.....#.# #.


You could see xeno23's ghost.

Vanquished Creatures
  4 adders
  3 worms
  3 giant geckos
  2 oozes (D:1)
  An orc (D:3)
  4 giant cockroaches
  7 goblins
  6 hobgoblins
  8 jackals (D:2)
  A quokka (D:3)
  2 bats
  2 giant newts (D:2)
  6 kobolds
  8 rats
57 creatures vanquished.

Notes
Turn   | Place    | Note
--------------------------------------------------------------
     0 | D:1      | aronpayne, the Hill Orc Fighter, began the quest for the Orb.
     0 | D:1      | Reached XP level 1. HP: 19/19 MP: 1/1
   119 | D:1      | Reached XP level 2. HP: 27/27 MP: 2/2
   179 | D:1      | Reached skill level 4 in Fighting
   530 | D:1      | Reached XP level 3. HP: 33/33 MP: 3/3
  1016 | D:2      | Reached XP level 4. HP: 41/41 MP: 4/4
  1642 | D:3      | Found an iron altar of Okawaru.
  1657 | D:3      | Became a worshipper of Warmaster Okawaru
  1700 | D:3      | Reached XP level 5. HP: 43/47 MP: 5/5
  1832 | D:3      | Noticed xeno23's ghost (average MfIE)
  1853 | D:3      | Killed from afar by xeno23's ghost

Action                   |  1- 3 |  4- 6 || total
-------------------------+-------+-------++-------
Melee: Flail             |    88 |    98 ||   186
  Eat: Chunk             |       |     3 ||     3
